 Dungeon Sprint DCSS version 0.30-a0-269-gf0224bf7b6 (webtiles) character file.

Game seed: 12992634597979362333

99 Hubris850 the Spawn of Chaos (level 5, 0/40 HPs)
             Began as a Djinni Fire Elementalist on Oct 14, 2022.
             Was an Initiate of Makhleb.
             Slain by a polar bear (4 damage)
             ... in the Dungeon (Sprint V: "Ziggurat Sprint").
             The game lasted 00:01:54 (47 turns).

Hubris850 the Spawn of Chaos (DjFE)                   Turns: 47, Time: 00:01:55

Health: 0/40       AC:  2    Str:  7    XL:     5   Next: 2%
Gold:   0          EV: 13    Int: 31    God:    Makhleb [......] SH:  0 Dex: 13

rFire   + + .      SeeInvis .    z - +7 Singing Sword {vorpal, sonic wave}
rCold   x . .      Faith    .    (no shield)
rNeg    . . .      Spirit   .    a - +0 robe
rPois   ∞          Reflect  .    (no helmet)
rElec   .          Harm     .    (no cloak)
rCorr   .          Rampage  .    (no gloves)
Will    .....      NoTele   +    (boots unavailable)
Stlth   ++........               (no amulet)
HPRegen 0.26/turn                t - +6 ring of intelligence
MPRegen 0.00/turn                u - +6 ring of intelligence

@: flying, very slightly contaminated
A: sickness immunity, fire resistance 2, cold vulnerability 1, float, innate
caster, HP casting, extra vitality 1
a: Renounce Religion


You were in the Dungeon.
You worshipped Makhleb.
Makhleb was noncommittal.
You visited 1 branch

Inventory:

Hand Weapons
 y - the +6 Majin-Bo {vamp, MP+6 Int+6}
   (You found it in the Dungeon)

   It heals its wielder for a portion of the damage dealt when they wound a
   living foe with it or with a spell.
   Its wielder's spells cost health as well as magical power.
   Int:       It affects your intelligence (+6).
   MP:        It affects your magic capacity (+6).
 z - the +7 Singing Sword (weapon) {vorpal, sonic wave}
   (You found it in the Dungeon)

   It inflicts extra damage upon your enemies.
   It radiates damaging sonic waves as it strikes, especially in combat
   involving dangerous or numerous foes.
Armour
 a - a +0 robe (worn)
Jewellery
 r - a +6 ring of dexterity
 s - a +6 ring of dexterity
 t - a +6 ring of intelligence (left hand)
 u - a +6 ring of intelligence (right hand)
 v - a +6 ring of strength
 w - a +6 ring of strength
Wands
 o - a wand of mindburst (7)
 p - a wand of iceblast (7)
 q - a wand of quicksilver (7)
Scrolls
 f - 4 scrolls of blinking
 l - 7 scrolls of fog
 m - 5 scrolls of identify
 n - 2 scrolls of fear
Potions
 b - 10 potions of curing
 c - 8 potions of heal wounds
 d - 6 potions of haste
 e - 3 potions of berserk rage
 g - 2 potions of brilliance
 h - 2 potions of invisibility
 i - 4 potions of resistance
 k - 5 potions of might
Miscellaneous
 x - a lightning rod (4/4)


   Skills:
 - Level 3.0 Fighting
 + Level 4.0 Long Blades
 - Level 4.0 Dodging
 - Level 1.5 Stealth
 + Level 4.2 Spellcasting
 + Level 5.4 Invocations
 - Level 3.0 Evocations


You couldn't memorise any spells.
You knew the following spells:

 Your Spells              Type           Power      Damage    Failure   Level
a - Foxfire               Conj/Fire      100%       2x1d9     1%          1
b - Scorch                Fire           66%        2d8       1%          2
c - Kindle Blastsparks    Fire/Tloc/Air  66%        2d15      3%          3
d - Inner Flame           Hex/Fire       33%        N/A       3%          3
e - Flame Wave            Conj/Fire      33%        2d10      10%         4
f - Summon Small Mammal   Summ           100%       N/A       1%          1
g - Blink                 Tloc           66%        N/A       1%          2
Your spell library was empty.

Dungeon Overview and Level Annotations

Branches:
Dungeon (1/1)

Altars:
Ashenzari
Cheibriados
Dithmenos
Elyvilon
Fedhas
Gozag
Hepliaklqana
Makhleb
Nemelex Xobeh
Okawaru
Qazlal
Ru
Trog
Uskayaw
Wu Jian
Xom
Yredelemnul
Zin
The Shining One
Jiyva
Lugonu

Annotations:
D 1 transporter


Innate Abilities, Weirdness & Mutations

You are immune to sickness and miasma.
You are immune to poison.
Your flesh is very heat resistant. (rF++)
You are vulnerable to cold. (rC-)
You float through the air rather than walking.
You learn spells naturally, not from books.
Your magical power is your life essence.
You have superior vitality. (+4 MHP)


Message History

Casting: Foxfire (safe; 1% risk of failure)
Confirm with . or Enter, or press ? or * to list all spells.
You conjure some foxfire!
The polar bear is no longer more vulnerable to fire.
The foxfire hits the polar bear but does no damage.
The polar bear is moderately wounded.
The foxfire hits the polar bear.
The polar bear is heavily wounded.
The polar bear barely misses you.
The polar bear claws you but does no damage.
The polar bear barely misses you.
Casting: Foxfire (safe; 1% risk of failure)
Confirm with . or Enter, or press ? or * to list all spells.
You miscast Scorch.
You are very lightly contaminated with residual magic.
Nothing appears to happen.
The foxfire hits the polar bear!
The polar bear is severely wounded.
The foxfire hits the polar bear.
The polar bear is severely wounded.
The polar bear bites you!
* * * LOW HITPOINT WARNING * * *
The polar bear claws you.
* * * LOW HITPOINT WARNING * * *
The polar bear completely misses you.
You feel much better. The polar bear bites you.
The polar bear claws you but does no damage.
The polar bear claws you.
Casting: Scorch (safe; 1% risk of failure)
Confirm with . or Enter, or press ? or * to list all spells.
Flames lash the polar bear.
The polar bear is almost dead.
The polar bear's fire resistance burns away.
The polar bear closely misses you. The polar bear claws you. x2
Casting: Scorch (safe; 1% risk of failure)
Confirm with . or Enter, or press ? or * to list all spells.
You conjure some foxfire!
The polar bear bites you!
* * * LOW HITPOINT WARNING * * *
The polar bear claws you but does no damage.
The polar bear claws you.
You die...

▓▓▓▓▓▓▓
▓.8©8.▓
▓.....▓
▓.".=.▓
▓.v...▓
▓@h...▓
▓v.©..▓
▓▓▓▓▓▓▓


You could see a polar bear (combustible, ally target).

Vanquished Creatures
  An ice beast (D)
1 creature vanquished.

Vanquished Creatures (others)
  6 foxfires (D)
6 creatures vanquished.

Grand Total: 7 creatures vanquished

Notes
Turn   | Place    | Note
-------+----------+-------------------------------------------
     0 | D        | Hubris850 the Djinni Fire Elementalist began the quest for
                  | the Orb.
     0 | D        | Hubris850 set off with the following spells memorised:
                  | Foxfire, Scorch, Kindle Blastsparks, Inner Flame, Flame
                  | Wave.
     0 | D        | Reached XP level 1. HP: 15/15 MP: 0/0
     0 | D        | Found a sacrificial altar of Ru.
     0 | D        | Found a bloodstained altar of Trog.
     0 | D        | Found a stormy altar of Qazlal.
     0 | D        | Found an iron altar of Okawaru.
     0 | D        | Found a sparkling altar of Nemelex Xobeh.
     0 | D        | Found a blossoming altar of Fedhas.
     0 | D        | Found the +6 Majin-Bo {vamp, MP+6 Int+6}
     0 | D        | Found the +9 heavy crossbow "Sniper" {vorpal, Acc+∞ SInv}
     0 | D        | Found the +10 dark maul {vorpal}
     0 | D        | Found the +15 Maxwell's patent armour {-Cast -Tele rElec
                  | Will+ rCorr}
     0 | D        | Found the +18 shield of the Gong {rElec rN+ Will+ EV-5}
     0 | D        | Found the +14 obsidian axe {vorpal, Mesm Drain Fly SInv}
     0 | D        | Found the +7 great mace "Firestarter" {inner flame, rF++}
     0 | D        | Found the +6 shillelagh "Devastator" {shatter}
     0 | D        | Found the +11 plutonium sword {Contam Stlth-}
     0 | D        | Found the +8 lance "Wyrmbane" {slay drac, rPois rF+ rC+
                  | AC+3}
     0 | D        | Found the +9 sword of Zonguldrok {reap}
     0 | D        | Found the +13 scythe of Curses {drain, Drain}
     0 | D        | Found the +5 sword of Power {vorpal}
     0 | D        | Found the +7 mace of Variability {chain chaos}
     0 | D        | Found the +7 Singing Sword {vorpal, sonic wave}
     0 | D        | Found the +8 storm bow {elec, penet}
     2 | D        | Found a transporter.
     2 | D        | Found a viscous altar of Jiyva.
     2 | D        | Found a corrupted altar of Lugonu.
     2 | D        | Found a hazy altar of Hepliaklqana.
     2 | D        | Found a burning altar of Makhleb.
     2 | D        | Found an opulent altar of Gozag.
    25 | D        | Became a worshipper of Makhleb the Destroyer
    28 | D        | Reached skill level 2 in Invocations
    28 | D        | Reached XP level 2. HP: 24/24 MP: 0/0
    35 | D        | Entered arena 2.
    35 | D        | Noticed a polar bear
    35 | D        | Noticed an ice beast
    35 | D        | Found a transporter.
    37 | D        | Killed an ice beast
    38 | D        | Reached skill level 5 in Invocations
    38 | D        | Reached XP level 3. HP: 26/30 MP: 0/0
    38 | D        | Learned a level 1 spell: Summon Small Mammal
    38 | D        | Reached XP level 4. HP: 31/35 MP: 0/0
    38 | D        | Reached XP level 5. HP: 35/40 MP: 0/0
    38 | D        | Learned a level 2 spell: Blink
    44 | D        | HP: 2/40 [polar bear (2)]
    47 | D        | Slain by a polar bear

Illustrated notes

Levels and vault maps discovered:
D:        sprint_v [room_start, room_1, room_2, room_3, room_4, room_5, room_6,
          room_7, room_8, room_9, room_10, room_11, room_12, room_13, room_14,
          room_15, room_16, room_17, room_18, room_19, room_20, room_21,
          room_22, room_23, room_24, room_25, room_26, room_27]

Skill      XL: |  1  2 |
---------------+-------+-----
Fighting       | 2 3 |  3.0
Long Blades    | 2 4 |  4.0
Dodging        | 3 4 |  4.0
Spellcasting   | 3 4 |  4.2
Invocations    | 2 5 |  5.4
Evocations     | 2 3 |  3.0
Stealth        | |  1.5

Action                   |  1- 3 |  4- 6 || total
-------------------------+-------+-------++-------
 Cast: Scorch            |     2 |     2 ||     4
       Foxfire           |       |     4 ||     4
       Blink             |       |     1 ||     1
  Use: Potion            |     1 |     2 ||     3
Armor: Robe              |       |     4 ||     4
Dodge: Dodged            |       |     7 ||     7

Table legend: (Time is in decaauts)
 A = Elapsed time spent in this place.
 B = Non-inter-level travel time spent in this place.
 C = Inter-level travel time spent in this place.
 D = Time resting spent in this place.
 E = Time spent auto-exploring this place.
 F = Levels seen in this place.
 G = Mean time per level.
                   A        B        C        D        E       F      G
               +--------+--------+--------+--------+--------+-----+--------+
         Total |     45 |     45 |      0 |      0 |      0 |   1 |   45.0 |
       Dungeon |     45 |     45 |      0 |      0 |      0 |   1 |   45.0 |
               +--------+--------+--------+--------+--------+-----+--------+

Top non-repeatable levels by time:
       D: 45 daAuts
